 Dungeon Crawl Stone Soup version 0.19-a0-49-gb8736b8 (webtiles) character file.

88 M4edhros the Grave Robber (level 4, -3/27 HPs)
             Began as an Octopode Necromancer on May 6, 2016.
             Killed from afar by an orc wizard (10 damage)
             ... with a puff of frost
             ... on level 4 of the Dungeon.
             The game lasted 00:02:52 (856 turns).

M4edhros the Grave Robber (Octopode Necromancer)     Turns: 856, Time: 00:02:53

Health: -3/27      AC:  1    Str:  4 (7)  XL:     4   Next: 53%
Magic:  4/7        EV: 12    Int: 15 (17) God:
Gold:   93         SH:  0    Dex: 10 (13) Spells: 3 memorised, 2 levels left

rFire  . . .     SeeInvis .       - Unarmed
rCold  . . .     Gourm    .     (no shield)
rNeg   . . .     Faith    .     (helmet restricted)
rPois  .         Spirit   .     (no amulet)
rElec  .         Dismiss  .     e - ring of protection from magic
rCorr  .         Reflect  .     (no ring)
SustAt .         Harm     .     (no ring)
MR     +....                    (no ring)
Stlth  +++.......               (no ring)
                                (no ring)
                                (no ring)
                                (no ring)

@: somewhat resistant to hostile enchantments, fairly stealthy
A: almost no armour, amphibious, 8 rings, constrict 8, camouflage 1, gelatinous
body 1
a: no special abilities


You were on level 4 of the Dungeon.
You were near starving.

You visited 1 branch of the dungeon, and saw 5 of its levels.

You collected 93 gold pieces.

Inventory:

Magical Staves
 l - an uncursed staff of conjuration
Jewellery
 e - a ring of protection from magic (left tentacle)
Scrolls
 d - 4 scrolls of identify {unknown}
 g - a scroll of fear {unknown}
 h - a scroll of noise {unknown}
 j - a scroll of teleportation {unknown}
Potions
 i - a potion of degeneration
Books
 a - a book of Necromancy

   Spells                             Type                      Level
   a - Pain                           Necromancy                   1
   b - Animate Skeleton               Necromancy                   1
   c - Vampiric Draining              Necromancy                   3
   d - Regeneration                   Charms/Necromancy            3
   e - Animate Dead                   Necromancy                   4
   f - Control Undead                 Necromancy                   4
Comestibles
 b - 4 bread rations
 f - a slice of pizza
 k - 2 meat rations


   Skills:
 - Level 2.0 Dodging
 - Level 2.6 Stealth
 + Level 4.0 Unarmed Combat
 - Level 2.0 Spellcasting
 - Level 4.0 Necromancy


You had 2 spell levels left.
You knew the following spells:

 Your Spells              Type           Power        Failure   Level  Hunger
a - Pain                  Necr           ##..         4%          1    #......
b - Animate Skeleton      Necr           N/A          4%          1    #......
r - Regeneration          Chrm/Necr      #.........   30%         3    ###....


Dungeon Overview and Level Annotations

Branches:
Dungeon (5/15)
 Temple: D:4-7

Altars:


Innate Abilities, Weirdness & Mutations

You cannot wear most types of armour.
You are amphibious.
You can wear up to eight rings at the same time.
You can use your tentacles to constrict eight enemies at once.
Your skin changes colour to match your surroundings (Stealth).
Your rubbery body absorbs attacks (AC +1).


Message History

You tentacle-slap the orc wizard.
The orc wizard is severely wounded.
You constrict the orc wizard, but do no damage.
The orc wizard hits you but does no damage.
You tentacle-slap the orc wizard but do no damage.
The orc wizard is severely wounded.
You tentacle-slap the orc wizard but do no damage.
The orc wizard is severely wounded.
You constrict the orc wizard, but do no damage.
The orc wizard hits you with a dagger.
You completely miss the orc wizard.
The orc wizard is severely wounded.
You constrict the orc wizard. The orc wizard hits you with a dagger.
* * * LOW HITPOINT WARNING * * *
You barely miss the orc wizard.
The orc wizard is almost dead.
You constrict the orc wizard, but do no damage.
The orc wizard gestures at you while chanting.
The puff of frost hits you!
You die...

....###..####...###...#
....####+# ###### ...#
.....# #....# .....
.(...# #....# .#####
.....# ....# .# .....#
...# .# .....# ..+
..##$# #o# #
..########. ##@##.#
...#....... #..>..#
...#....... #.....#
...'....... #.....#
..###...##$ ##....#
'#### ### ####.# ..<.#
.# ....# .. ....# ##.


You could see an orc wizard.

Vanquished Creatures
  A hound (D:4)
  3 adders (D:3)
  A gnoll (D:1)
  A worm (D:3)
  2 orcs (D:4)
  3 bats
  A giant cockroach (D:3)
  2 hobgoblins (D:1)
  2 giant newts
  A goblin (D:1)
  3 kobolds (D:3)
  3 rats
23 creatures vanquished.

Vanquished Creatures (collateral kills)
  A giant cockroach (D:3)
1 creature vanquished.

Grand Total: 24 creatures vanquished

Notes
Turn   | Place    | Note
--------------------------------------------------------------
     0 | D:1      | M4edhros the Octopode Necromancer began the quest for the Orb.
     0 | D:1      | Reached XP level 1. HP: 11/11 MP: 3/3
   103 | D:1      | Learned a level 1 spell: Animate Skeleton
   121 | D:1      | Reached skill level 1 in Unarmed Combat
   245 | D:1      | Reached XP level 2. HP: 8/17 MP: 0/5
   320 | D:1      | You fall through a shaft!
   432 | D:3      | Reached XP level 3. HP: 7/21 MP: 1/6
   438 | D:3      | Learned a level 3 spell: Regeneration
   654 | D:4      | Reached XP level 4. HP: 3/27 MP: 7/7
   685 | D:5      | Entered Level 5 of the Dungeon
   817 | D:5      | Noticed a water moccasin
   856 | D:4      | Killed from afar by an orc wizard

Vault maps used:
D:1:      wheals_arrival_linesprint, dk_noncrumbling_4
D:2:      zin_purify, uniq_sigmund, uniq_jessica
D:3:      first_bread, uniq_grinder
D:4:      grunt_temple_overflow_holy_war, uniq_blork_the_orc

Skill      XL: |  1  2  3  4 |
---------------+-------------+-----
Unarmed Combat | 2 3 4 |  4.0
Dodging        | |  2.0
Stealth        | |  2.6
Spellcasting   | |  2.0
Necromancy     | |  4.0

Action                   |  1- 3 |  4- 6 || total
-------------------------+-------+-------++-------
Melee: Unarmed           |    28 |    14 ||    42
       Constrict         |     8 |     3 ||    11
       Tentacles         |     7 |     1 ||     8
       Punch             |     1 |       ||     1
 Cast: Pain              |    28 |     2 ||    30
       Regeneration      |     2 |     3 ||     5
       Animate Skeleton  |     1 |       ||     1
  Use: Potion            |       |     2 ||     2
 Stab: Sleeping          |     1 |       ||     1
Armor: Skin              |     2 |     3 ||     5
Dodge: Dodged            |    24 |     2 ||    26
